Map: Cyber Forest LE

Players

pHARM

  • Race: Zerg Zerg
  • League: Platinum
  • Spawn Location: 11:00

Dresden - Winner!

  • Race: Protoss Protoss
  • League: Diamond
  • Spawn Location: 5:00

VOD

Have the link to the VOD?

Description

Time

  • Played on: Aug. 7, 2019, 11:41 p.m.
  • Length: 16:17
Show
View Real Time Build Order
Export as new Build Order

pHARM Zerg 

Build Orders: Hatch First 

Get SALT Encoding   

  12  0:01  Drone  
  13  0:13  Overlord  
  13  0:18  Drone  
  14  0:31  Drone x2  
  16  0:42  Drone  
  17  0:54  Hatchery  
  16  1:06  Drone x2  
  18  1:20  Spawning Pool  
  17  1:30  Drone  
  17  1:31  Drone  
  19  1:33  Drone  
  20  1:44  Overlord  
  20  1:45  Extractor  
  19  2:06  Drone x2  
  21  2:10  Queen  
  21  2:11  Queen  
  21  2:12  Zergling x2  
  26  2:24  Drone  
  26  2:25  Drone  
  28  2:32  Drone x2  
  30  2:38  Drone  
  31  2:47  Queen  
  31  2:49  Lair  
  33  2:56  Drone  
  33  2:57  Drone x2  
  36  3:05  Overlord  
  36  3:23  Overlord  
  36  3:24  Drone x6  
  36  3:25  Drone x2  
  44  3:31  Evolution Chamber  
  44  3:32  Metabolic Boost  
  43  3:36  Drone  
  44  3:44  Evolution Chamber, Extractor  
  44  3:46  Extractor  
  41  3:51  Drone x6  
  47  4:07  Hydralisk Den  
  46  4:26  Overlord x2  
  46  4:27  Drone x4  
  46  4:30  Drone  
  50  4:39  Spore Crawler  
  50  4:43  Hatchery, Spore Crawler  
  50  4:44  Drone x2  
  49  4:55  Grooved Spines  
  49  5:03  Hydralisk x5  
  59  5:09  Overlord  
  59  5:10  Overlord  
  59  5:33  Drone x9  
  68  5:47  Zerg Missile Weapons Level 1  
  68  5:48  Zerg Ground Armor Level 1  
  68  6:09  Drone x10  
  78  6:22  Infestation Pit, Overlord x2  
  78  6:25  Drone x3  
  80  6:37  Extractor  
  79  6:41  Hydralisk x4  
  79  6:44  Extractor  
  79  6:46  Extractor  
  85  6:56  Pneumatized Carapace  
  85  6:59  Hive  
  85  7:03  Drone  
  85  7:04  Spire  
  85  7:06  Drone x3  
  88  7:11  Zergling x2  
  88  7:12  Zergling x16  
  88  7:14  Overseer x2  
  97  7:32  Overlord x2  
  97  7:35  Overlord  
  97  7:51  Spore Crawler  
  97  7:52  Spine Crawler  
  95  8:03  Drone  
  96  8:16  Greater Spire  
  96  8:19  Hatchery  
  95  8:35  Hydralisk x3  
  95  8:36  Hydralisk x6  
  95  8:38  Overlord x6  
  95  8:39  Overlord  
  113  8:56  Muscular Augments  
  113  8:57  Zerg Missile Weapons Level 2  
  113  9:01  Zerg Ground Armor Level 2  
  113  9:15  Hydralisk x15  
  143  9:17  Overlord x2  
  143  9:26  Extractor  
  142  9:31  Corruptor  
  142  9:32  Corruptor  
  146  9:45  Drone x8  
  154  10:04  Zerg Flyer Armor Level 1  
  154  10:06  Hydralisk  
  154  10:07  Hydralisk x9  
  154  10:09  Zergling x8  
  154  10:10  Extractor  
  177  10:31  Hydralisk x7  
  191  10:37  Overlord x3  
  125  11:25  Hydralisk  
  125  11:26  Hydralisk x23  
  147  11:47  Hydralisk x9  
  147  11:48  Hydralisk  
  147  11:49  Zergling x10  
  147  11:50  Zergling x4  
  174  12:05  Zerg Flyer Armor Level 2  
  174  12:10  Hatchery  
  173  12:30  Zergling x14  
  173  12:31  Zergling x20  
  142  13:08  Corruptor x14  
  162  13:39  Corruptor  
  162  13:40  Corruptor x7  
  178  14:01  Corruptor x4  
  186  14:08  Extractor  
  185  14:11  Extractor  
  184  14:18  Viper x2  
  190  14:47  Drone  
  190  14:48  Drone x2  
  190  14:50  Spore Crawler  
  192  14:53  Spore Crawler x2  
  192  14:54  Drone x3, Spore Crawler x2  
  192  14:55  Spore Crawler  
  192  14:56  Drone x3, Spore Crawler  
  192  14:57  Spore Crawler  
  191  15:00  Drone x4  
Show
View Real Time Build Order
Export as new Build Order

Dresden Protoss - Winner!

Build Orders: 1 Gate Expand, Oracle Opening, Carriers 

Get SALT Encoding   

  12  0:00  Probe  
  13  0:13  Probe  
  14  0:21  Pylon  
  14  0:31  Probe  
  15  0:44  Probe  
  15  0:45  Gateway  
  16  0:52  Probe  
  16  0:53  Assimilator  
  17  1:02  Probe  
  18  1:24  Nexus  
  18  1:34  Probe, Cybernetics Core  
  19  1:42  Probe  
  20  1:50  Pylon  
  20  1:53  Assimilator  
  20  1:55  Probe  
  21  2:14  Probe  
  22  2:29  Stargate  
  22  2:40  Pylon  
  22  2:42  Forge  
  22  2:43  Adept  
  23  2:46  Probe  
  23  2:47  Probe  
  25  2:55  Probe  
  25  2:57  Probe, Pylon  
  26  3:03  Probe  
  27  3:06  Probe  
  27  3:12  Probe  
  29  3:17  Probe  
  29  3:18  Oracle  
  31  3:20  Assimilator  
  31  3:24  Probe  
  32  3:30  Assimilator  
  32  3:32  Probe  
  36  3:41  Probe  
  37  3:46  Twilight Council  
  37  3:48  Probe  
  38  3:53  Probe  
  39  3:58  Void Ray  
  43  4:05  Probe x2  
  45  4:15  Stargate  
  45  4:18  Probe x2  
  47  4:30  Probe  
  47  4:31  Probe  
  49  4:43  Probe  
  51  4:45  Probe  
  51  4:49  Void Ray  
  55  4:55  Probe  
  55  4:58  Probe  
  57  5:08  Pylon  
  57  5:10  Probe  
  58  5:15  Nexus  
  58  5:17  Pylon  
  58  5:18  Probe  
  59  5:22  Probe  
  59  5:26  Void Ray  
  59  5:28  Pylon  
  64  5:31  Gateway  
  64  5:34  Pylon  
  64  5:36  Pylon  
  64  5:39  Pylon  
  64  5:42  Pylon  
  64  6:04  Charge  
  64  6:07  Void Ray  
  64  6:10  Warp Gate  
  68  6:15  Gateway  
  68  6:16  Gateway  
  68  6:18  Gateway  
  68  6:19  Probe x2, Forge  
  70  6:28  Probe  
  70  6:31  Assimilator, Probe  
  72  6:35  Protoss Ground Weapons Level 1  
  72  6:36  Assimilator  
  72  6:42  Pylon  
  72  6:43  Probe x3  
  75  6:51  Zealot x2  
  75  6:53  Void Ray x2  
  87  7:02  Probe x3  
  90  7:14  Probe x3  
  93  7:32  Fleet Beacon  
  93  7:37  Stargate  
  93  7:39  Stargate  
  93  7:43  Probe x3  
  96  7:45  Void Ray x2  
  104  8:03  Zealot  
  104  8:04  Zealot x4  
  114  8:22  Carrier x2  
  126  8:34  Templar Archives  
  126  8:35  Carrier x2  
  137  8:58  Pylon  
  137  9:02  Psionic Storm  
  137  9:03  Pylon  
  137  9:07  Pylon x2  
  137  9:09  Pylon  
  137  9:11  Pylon  
  137  9:12  Pylon  
  137  9:14  Pylon  
  137  9:16  Probe x3  
  140  9:25  High Templar x2  
  140  9:26  High Templar x2  
  140  9:27  High Templar  
  140  9:31  Carrier  
  156  9:41  Carrier  
  162  9:59  Zealot x4  
  170  10:00  Zealot  
  170  10:06  Nexus  
  172  10:08  Assimilator  
  172  10:09  Assimilator  
  172  10:13  Carrier  
  172  10:14  Pylon  
  172  10:16  Pylon  
  172  10:23  Carrier  
  184  10:33  Protoss Air Weapons Level 1  
  156  11:30  Carrier x3  
  178  11:36  Archon  
  178  11:37  Archon  
  178  11:51  Zealot x3  
  178  11:52  Zealot x2  
  188  11:58  Nexus  
  188  12:04  Pylon  
  188  12:08  Pylon  
  188  12:24  Gateway  
  188  12:26  Gateway  
  188  12:27  Protoss Air Weapons Level 2, Protoss Shields Level 1  
  188  12:29  Gateway  
  188  12:31  Gateway  
  188  12:34  Carrier  
  188  12:39  Carrier  
  165  13:00  Zealot x4  
  173  13:24  Pylon  
  173  13:26  Assimilator  
  173  13:32  Pylon  
  173  13:42  High Templar x2  
  173  13:43  High Templar x4  
  173  13:45  High Templar x2  
  173  13:48  Archon x2  
  189  13:58  Carrier  
  189  14:01  Zealot  
  197  14:14  Robotics Facility  
  197  14:40  Photon Cannon  
  197  14:43  Photon Cannon  
  197  14:46  Photon Cannon  
  197  14:50  Assimilator  
  197  14:55  Observer  
  198  15:13  Observer  
  198  15:20  Nexus  
  199  15:27  Pylon  
  199  15:30  Pylon  
  199  15:36  Pylon  
  199  15:44  Pylon  
  199  15:48  Assimilator  
  199  15:51  Assimilator  
Tags
 
Add a new tag
Caveats
  • Supply blocks, unpowered buildings, or Contaminate may cause inaccurate times.
  • Supply counts are checked every 10 seconds.